 Dungeon Crawl Stone Soup: Circus Animals version 1.7-37-g2c94cca (webtiles) character file.

56 AlphabetPasta the Chopper (level 1, 0/23 HPs) *NIGHTMARE*
             Began as a Minotaur Gladiator on Aug 21, 2016.
             Slain by a giant gecko (5 damage)
             ... on level 1 of the Dungeon.
             The game lasted 00:01:50 (492 turns).

AlphabetPasta the Chopper (Minotaur Gladiator)       Turns: 492, Time: 00:01:51

Health: 0/23       AC:  7    Str: 19    XL:     1   Next: 64%
Magic:  75/75      EV:  4    Int:  5    God:
Gold:   15         SH:  0    Dex: 10    Spells: 0 memorised, 0 levels left

rFire  . . .     rPois    .     a - +0 war axe
rCold  . . .     rElec    .     e - +0 chain mail
rNeg   . . .     rCorr    .     (no shield) MagicSh . . . SeeInvis .
                                c - +0 hat StaminaSh . . . Faith .
                                (no cloak) RegenHP ..........
SustAt .                        f - +0 pair of gloves RegenSP ++........ Dismiss .
                                (no boots) RegenMP ++........ Reflect .
                                (no amulet)
MR     .....     Harm     .     (no ring)
Stlth  ..........               (no ring)

@: slow, not resistant to hostile enchantments, extremely unstealthy
A: retaliatory headbutt, horns 2
a: no special abilities


You were on level 1 of the Dungeon.
You were not hungry.

You visited 1 branch of the dungeon, and saw 1 of its levels.

You collected 15 gold pieces.

Inventory:

Hand Weapons
 a - a +0 war axe (weapon)
Missiles
 d - 10 throwing nets
Armour
 b - a +0 leather armour
 c - a +0 hat (worn)
 e - a +0 chain mail (worn)
 f - a +0 pair of gloves (worn)
Scrolls
 d - a scroll of magic mapping {unknown}
 e - 2 scrolls of teleportation {unknown}
 f - a scroll of remove curse {unknown}
 g - a scroll of immolation {unknown}
 h - a scroll of enchant armour {unknown}
Potions
 a - a potion of heal wounds
 b - a potion of stamina
 c - 2 potions of magic


   Skills:
 + Level 3.7 Fighting
 * Level 5.1 Axes
 - Level 2.0 Throwing
 - Level 3.2 Dodging
 + Level 0.6 Stealth


You couldn't memorise any spells.
You didn't know any spells.

Dungeon Overview and Level Annotations

Branches:
Dungeon (1/7)

Altars:


Innate Abilities, Weirdness & Mutations

You reflexively headbutt those who attack you in melee.
You have a pair of horns on your head.


Message History

The giant gecko bites you but does no damage.
You completely miss the giant gecko.
The giant gecko bites you but does no damage.
The giant gecko bites you. (hp-1)
You completely miss the giant gecko. Your headbutt misses the giant gecko.
The giant gecko bites you. (hp-4)
The giant gecko barely misses you.
You completely miss the giant gecko. The giant gecko bites you. (hp-1)
The giant gecko closely misses you.
You completely miss the giant gecko.
The giant gecko bites you but does no damage.
The giant gecko bites you. (hp-4) Damage (4) was greater than 30% of your hp (13)!!!
You hit the giant gecko. (mon hp-3)
The giant gecko completely misses you.
The giant gecko bites you but does no damage.
You completely miss the giant gecko.
The giant gecko bites you but does no damage. x2
You barely miss the giant gecko. The giant gecko bites you. (hp-1)
The giant gecko misses you.
The giant gecko hisses menacingly.
The giant gecko bites you. (hp-4)
You closely miss the giant gecko. The giant gecko bites you. (hp-4)
* * * LOW HITPOINT WARNING * * *; The giant gecko bites you. (hp-5)
You die...

#.# #.# #.
#.# ###.##.#
...##.#
#..##.# #
#..##l###.#
#..##@....#
##..##..####
#.......#
#...###.#
#...# #.#
########...#
#.# ##
...........#
#.# ####.
########.#.#
#.# #....
#.#.# #.#
#.##.


You could see a giant gecko.

Vanquished Creatures
  An ooze (D:1)
  2 dart slugs (D:1)
  2 goblins (D:1)
  4 hobgoblins (D:1)
  2 jackals (D:1)
  3 bats (D:1)
  2 kobolds (D:1)
  2 rats (D:1)
18 creatures vanquished.

Notes
Turn   | Place    | Note
-------+----------+-------------------------------------------
     0 | D:1      | AlphabetPasta the Minotaur Gladiator began the quest for the Orb.
     0 | D:1      | Reached XP level 1. HP: 23/23 MP: 75/75
    36 | D:1      | Reached skill level 5 in Axes
   492 | D:1      | Slain by a giant gecko

Skill      XL: |  1 |
---------------+----+-----
Axes           | 5 |  5.1
Fighting       | |  3.7
Throwing       | |  2.0
Dodging        | |  3.2
Stealth        | |  0.6

Action                   || total
-------------------------++-------
Melee: War axe           ||    42
       Headbutt          ||     5
Armor: Chain mail        ||    23
Dodge: Dodged            ||    25
